 Dungeon Crawl Stone Soup version 0.32-a0-433-g08bcfe7efd (webtiles) character file.

Game seed: 10770236418298904877

184 ezpacito the Trooper (level 5, -5/42 HPs)
             Began as a Demonspawn Chaos Knight on Feb 22, 2024.
             Was a Plaything of Xom.
             Slain by Pikel
             ... wielding a +2 whip of freezing
              (7 damage)
             ... on level 3 of the Dungeon.
             The game lasted 00:03:16 (2260 turns).

ezpacito the Trooper (Demonspawn Chaos Knight)      Turns: 2260, Time: 00:03:17

Health: -5/42      AC:  5    Str: 15    XL:     5   Next: 36%
Magic:  6/6        EV: 12    Int: 12    God:    Xom [.....*]
Gold:   236        SH:  4    Dex: 18    Spells: 5/5 levels left

rFire   + . .        a - +0 hand axe (chaos)
rCold   + . .        (no shield)
rNeg    . . .        b - +2 leather armour
rPois   +            (no helmet)
rElec   .            p - scarf {rC+ rF+}
rCorr   .            (no gloves)
SInv    .            (no boots)
Will    .....        u - amulet of faith
Stlth   ++           i - +6 ring of dexterity
HPRegen 0.27/turn    v - ring of poison resistance
MPRegen 0.10/turn

%: faith
@: wreathed by umbra
A: large bone plates 1, demonic guardian 1, demonic touch 1, foul shadow 1
a: Renounce Religion


You were on level 3 of the Dungeon.
You worshipped Xom.
You were Xom's teddy bear.
You visited 1 branch of the dungeon, and saw 4 of its levels.

You collected 236 gold pieces.

Inventory:

Hand Weapons
 a - a +0 hand axe of chaos (weapon)
Missiles
 r - 2 poisoned darts (quivered)
Armour
 b - a +2 leather armour (worn)
 l - a +0 plate armour
 p - a scarf of resistance (worn)
Jewellery
 i - a +6 ring of dexterity (left hand)
 u - an amulet of faith (around neck)
 v - a ring of poison resistance (right hand)
 B - a ring of flight
Talismans
 e - a flux talisman
 y - a serpent talisman
Wands
 s - a wand of digging (7)
Scrolls
 d - a scroll of immolation {unknown}
 f - 2 scrolls of enchant armour {unknown}
 g - a scroll of fear {unknown}
 k - a scroll of poison {unknown}
 n - a scroll of vulnerability {unknown}
 o - 5 scrolls of identify {unknown}
 q - 2 scrolls of blinking {unknown}
 C - a scroll of revelation {unknown}
Potions
 h - a potion of cancellation {unknown}
 j - a potion of degeneration {unknown}
 m - a potion of enlightenment {unknown}
 t - a potion of heal wounds {unknown}
 w - a potion of attraction {unknown}
 x - 2 potions of magic {unknown}
 z - a potion of berserk rage {unknown}
 A - 2 potions of brilliance {unknown}


   Skills:
 * Level 3.7 Fighting
 * Level 3.2 Axes
 * Level 2.5 Armour
 * Level 1.7 Dodging
 + Level 1.1 Stealth
 * Level 1.8 Unarmed Combat
 + Level 0.9 Spellcasting
 + Level 0.9 Evocations
 + Level 0.0 Shapeshifting


You had 5 spell levels left.
You didn't know any spells.
Your spell library contained the following spells:

 Spells                   Type           Power      Damage    Failure   Level
 Gell's Gravitas          Tloc           0%         N/A       75%         3
 Teleport Other           Tloc           0%         N/A       75%         3
 Tukima's Dance           Hex            0%         N/A       75%         3
 Passage of Golubria      Tloc           0%         N/A       98%         4
 Yara's Violent Unravell  Hex/Alch       0%         3d3       100%        5
 Dispersal                Tloc           0%         N/A       100%        6


Dungeon Overview and Level Annotations

Branches:
Dungeon (4/15)
 Temple: D:4-7

Altars:
Fedhas
Okawaru

Annotations:
D:3 Pikel


Innate Abilities, Weirdness & Mutations

You are partially covered in large bone plates. (SH +4)
A weak demonic guardian rushes to your aid.
Your touch may inflict minor irresistible damage on your foes.
You are faintly shadowed, very rarely releasing foul flame when damaged in melee.


Message History

You hit Pikel but do no damage. You barely miss the lemure.
The lemure closely misses you.
You hit Pikel but do no damage.
Pikel seems to grow stronger.
You hit the lemure. You burn the lemure.
Pikel hits you with a +2 whip of freezing!
Pikel freezes you. The lemure hits you.
You are too injured to fight recklessly!
You are too injured to fight recklessly!
You are too injured to fight recklessly!
Unknown command.
Okay, then.
Pikel barely misses you. The lemure attacks as it pursues you!
You block the lemure's attack.
A lemure comes into view.
There is a stone staircase leading up here.
Pikel closely misses you. You block the lemure's attack.
You climb upwards.
There is a stone staircase leading down here.
You hit Pikel but do no damage.
Pikel seems to speed up.
You touch Pikel!
Pikel is moderately wounded.
You hit the lemure but do no damage.
Pikel hits you with a +2 whip of freezing!
* * * LOW HITPOINT WARNING * * *
Pikel freezes you.
* * * LOW HITPOINT WARNING * * *
A demonic guardian appears!
Pikel is seared by the foul flame within you.
Pikel is moderately wounded.
The lemure hits you.
* * * LOW HITPOINT WARNING * * *
Pikel barely misses you.
As you read the scroll of butterflies, it crumbles to dust.
You hear the flapping of tiny wings.
Your white imp is knocked back by the sudden gust.
Pikel is knocked back by the sudden gust.
The lemure is knocked back by the sudden gust.
Pikel hits you with a +2 whip of freezing!
You die...
Pikel says, "Another soul for the market."
Xom giggles madly!

#.#######.# #
##.#######.############### #
.........................## #
P...####.._..####...PP....# ###
...÷............bb..b.....# #..
..#.##.###.#####.##.bb##..# #.#
#...#.## ##.###bb5bb.b.#.### #÷#
#####.# #...bKbbb.bb.....## #.#
#.#####.###5@bbb.b.##>#.###.#
##.#..######b##......###.....
##...##.##bbb....###.#.###.. #
#....###.#bb###### ##.## #.#
######.##..###..÷## #.# #.#
.......##..####bb.# #.# #.#
#####..##...##...#########.# #.#
#####.......###............# #.#
..÷..........#...÷.........####.#


You could see Pikel (fast, strong, ally target), a lemure (ally target) and a
friendly white imp (summoned).

Vanquished Creatures
  A bombardier beetle (D:3)
  A hound (D:4)
  An orc wizard (D:3)
  3 gnolls (D:3)
  An adder (D:3)
  A dart slug (D:4)
  A ribbon worm (D:2)
  4 orcs (D:3)
  2 endoplasms
  3 giant cockroaches
  4 hobgoblins
  4 jackals
  4 quokkas
  7 ball pythons
  3 bats
  3 frilled lizards
  3 goblins
  3 kobolds
  2 rats
51 creatures vanquished.

Vanquished Creatures (collateral kills)
  An endoplasm (D:1)
1 creature vanquished.

Grand Total: 52 creatures vanquished

Notes
Turn   | Place    | Note
-------+----------+-------------------------------------------
     0 | D:1      | ezpacito the Demonspawn Chaos Knight began the quest for
                  | the Orb.
     0 | D:1      | Reached XP level 1. HP: 18/18 MP: 1/1
   185 | D:1      | Reached skill level 1 in Dodging
   267 | D:1      | Gained mutation: You are faintly shadowed, very rarely
                  | releasing foul flame when damaged in melee. [demonic
                  | ancestry]
   267 | D:1      | Reached XP level 2. HP: 22/24 MP: 2/2
   392 | D:1      | XOM: silly message
   519 | D:1      | Reached skill level 1 in Unarmed Combat
  1146 | D:2      | XOM: silly message
  1209 | D:3      | Gained mutation: A weak demonic guardian rushes to your
                  | aid. [demonic ancestry]
  1209 | D:3      | Reached XP level 3. HP: 29/29 MP: 3/3
  1217 | D:3      | XOM: silly message
  1371 | D:3      | Gained mutation: You are partially covered in large bone
                  | plates. (SH +4) [demonic ancestry]
  1371 | D:3      | Reached XP level 4. HP: 32/35 MP: 4/4
  1483 | D:3      | XOM: 7-stop teleportation journey
  1485 | D:3      | Found a blossoming altar of Fedhas.
  1490 | D:3      | XOM: torment (19/35 hp)
  1670 | D:3      | XOM: confuse monster(s)
  1677 | D:3      | Reached skill level 1 in Stealth
  1739 | D:3      | Found a faded altar of an unknown god.
  1931 | D:3      | Found an iron altar of Okawaru.
  1945 | D:3      | Gained mutation: Your touch may inflict minor irresistible
                  | damage on your foes. [demonic ancestry]
  1945 | D:3      | Reached XP level 5. HP: 39/42 MP: 6/6
  2248 | D:4      | Noticed Pikel
  2249 | D:4      | Noticed a lemure
  2249 | D:4      | Noticed a lemure
  2249 | D:4      | Noticed a lemure
  2256 | D:4      | Noticed a lemure
  2259 | D:3      | HP: 2/42 [lemure[Pikel] (5)]
  2260 | D:3      | Slain by Pikel

Illustrated notes

Levels and vault maps discovered:
D:1:      co_arrival_random_square_maze, layout_rooms, minmay_pentomino_q4
D:2:      layout_basic, kennysheep_generic_room_14
D:3:      layout_loops_ring, mainiacjoe_overflow_boulevard,
          okawaru_altar_gauntlet_db, hellmonk_ecumenical_altar_zigzags,
          due_unseen_surprise
D:4:      layout_rooms, minmay_temple_entry_waves,
          hangedman_abyss_or_decor_jellyfish_corner, uniq_pikel

Skill      XL: |  1  2  3  4 |
---------------+-------------+-----
Dodging        | 1 |  1.7
Armour         | 2 |  2.5
Unarmed Combat | 1 |  1.8
Axes           | 3 |  3.2
Stealth        | 1 |  1.1
Fighting       | |  3.7
Spellcasting   | |  0.9
Evocations     | |  0.9

Action                     |  1- 3 |  4- 6 || total
---------------------------+-------+-------++-------
  Melee: Hand axe          |    81 |    75 ||   156
         Touch             |       |     4 ||     4
  Evoke: Wand              |       |     1 ||     1
    Use: Scroll            |       |     1 ||     1
   Stab: Confused          |       |     1 ||     1
 Armour: Leather armour    |    39 |    42 ||    81
  Dodge: Dodged            |    54 |    57 ||   111
  Block: Other             |       |    19 ||    19

Table legend: (Time is in decaauts)
 A = Elapsed time spent in this place.
 B = Non-inter-level travel time spent in this place.
 C = Inter-level travel time spent in this place.
 D = Time resting spent in this place.
 E = Time spent auto-exploring this place.
 F = Levels seen in this place.
 G = Mean time per level.
                   A        B        C        D        E       F      G
               +--------+--------+--------+--------+--------+-----+--------+
         Total |   2284 |   2163 |    121 |     14 |   1675 |   4 |  571.0 |
       Dungeon |   2284 |   2163 |    121 |     14 |   1675 |   4 |  571.0 |
               +--------+--------+--------+--------+--------+-----+--------+

Top non-repeatable levels by time:
     D:3: 983 daAuts
     D:1: 593 daAuts
     D:2: 573 daAuts
     D:4: 135 daAuts
